 Dungeon Crawl Stone Soup version 0.31-a0-1101-g9ad1905e61 (webtiles) character file.

Game seed: 10991370107919064313

2746 Dirtsage the Mimic (level 9, 0/61 HPs)
             Began as an Octopode Shapeshifter on Dec 1, 2023.
             Slain by a hornet (13 damage)
             ... on level 7 of the Dungeon.
             The game lasted 00:11:33 (6230 turns).

Dirtsage the Mimic (Octopode Shapeshifter)          Turns: 6230, Time: 00:11:33

Health: 0/61       AC:  5    Str: 14    XL:     9   Next: 68%
Magic:  9/9        EV: 15    Int: 18    God:
Gold:   307        SH:  0    Dex: 15    Spells: 5/8 levels left

rFire   . .          .
                       - Unarmed
rCold   + . .        K - orb {light}
rNeg    . . .        (helmet currently unavailable)
rPois   .            y - amulet of the acrobat
rElec   .            t - +6 ring of intelligence
rCorr   .            x - +4 ring of protection
SInv    .            I - ring of protection from cold
Will    .....        (no ring)
Stlth   +            (no ring)
HPRegen 0.30/turn    (no ring)
MPRegen 0.11/turn    (no ring)
                     (no ring)

%: acrobat
@: beast-form, glowing
A: beast (slay +4), almost no armour, amphibious, 8 rings, camouflage 1,
gelatinous body 1, (nimble swimmer 1), tentacles
a: Begin Untransformation


You were on level 7 of the Dungeon.
You were a hulking beast.
You visited 1 branch of the dungeon, and saw 7 of its levels.
You also visited: Sewer and Ossuary.

You collected 307 gold pieces.

Inventory:

Missiles
 M - a throwing net
Armour
 K - an orb of light (worn)
Jewellery
 h - an amulet of faith
 t - a +6 ring of intelligence (left tentacle)
 x - a +4 ring of protection (right tentacle)
 y - an amulet of the acrobat (around mantle)
 I - a ring of protection from cold (on tentacle)
Talismans
 b - a beast talisman
 c - a flux talisman
 e - a flux talisman
 f - a beast talisman
Wands
 D - a wand of digging (5)
 G - a wand of charming (9)
Scrolls
 g - 5 scrolls of identify {unknown}
 i - 2 scrolls of butterflies {unknown}
 m - 3 scrolls of blinking {unknown}
 n - a scroll of brand weapon {unknown}
 o - a scroll of fog {unknown}
 s - 3 scrolls of fear {unknown}
 u - 2 scrolls of teleportation {unknown}
 w - 2 scrolls of enchant weapon {unknown}
 A - 2 scrolls of amnesia {unknown}
 B - a scroll of enchant armour {unknown}
 C - a scroll of vulnerability {unknown}
 J - a scroll of poison {unknown}
 L - 2 scrolls of immolation {unknown}
Potions
 a - 2 potions of invisibility {unknown}
 d - a potion of enlightenment {unknown}
 j - 2 potions of heal wounds {unknown}
 k - 2 potions of magic {unknown}
 l - 2 potions of mutation {unknown}
 p - 3 potions of degeneration {unknown}
 q - 3 potions of curing
 r - a potion of haste {unknown}
 z - 3 potions of attraction {unknown}
 E - 2 potions of lignification
 F - a potion of ambrosia {unknown}
 H - a potion of resistance {unknown}


   Skills:
 + Level 5.6 Fighting
 + Level 4.8 Dodging
 + Level 6.3 Unarmed Combat
 + Level 4.0 Ice Magic
 * Level 8.0 Shapeshifting


You had 5 spell levels left.
You knew the following spells:

 Your Spells              Type           Power      Damage    Failure   Level
b - Frozen Ramparts       Ice            28%        1d5       12%         3

Your spell library contained the following spells:

 Spells                   Type           Power      Damage    Failure   Level
 Freeze                   Ice            56%        1d7       4%          1
 Magic Dart               Conj           0%         1d3       22%         1
 Sandblast                Erth           0%         2d4       22%         1
 Hailstorm                Conj/Ice       7%         3d4       28%         3
 Call Imp                 Summ           0%         N/A       32%         2
 Cigotuvi's Dreadful Rot  Necr/Pois/Air  0%         N/A       32%         2
 Passwall                 Tmut/Erth      0%         N/A       32%         2
 Ignite Poison            Fire/Tmut/Pois 0%         N/A       54%         3
 Mephitic Cloud           Conj/Pois/Air  0%         N/A       54%         3
 Stone Arrow              Conj/Erth      0%         3d7       54%         3
 Brom's Barrelling Bould  Conj/Erth      0%         2d3       91%         4
 Freezing Cloud           Conj/Ice/Air   2%         6-21      98%         5


Dungeon Overview and Level Annotations

Branches:
Dungeon (7/15)              Sewer (visited)         Ossuary (visited)
 Temple: D:4-7

Altars:
Fedhas
Hepliaklqana
Ru
Uskayaw
Vehumet
The Shining One

Shops:
D:3 (   D:6 [


Innate Abilities, Weirdness & Mutations

You are a hulking beast.
Your limbs bulge with bestial killing power. (Slay +4)
You cannot wear most types of armour.
You are amphibious.
You can wear up to eight rings at the same time.
Your skin changes colour to match your surroundings (Stealth+).
Your rubbery body absorbs attacks. (AC +1, EV +1)
((You are camouflaged when in or above water. (Stealth+)))
You have tentacles for arms and can constrict up to eight enemies at once.


Message History

HP restored.
There is a stone staircase leading down here.
Health restored: 61 You climb downwards.
There is a stone staircase leading up here.
The hornet buzzes angrily.
There is a stone staircase leading up here.
Okay, then.
The hornet misses you.
You tentacle-slap the hornet. You grab the hornet.
You squeeze the hornet, but do no damage.
The hornet is lightly wounded.
You constrict the hornet, but do no damage.
The hornet misses you.
You tentacle-slap the hornet but do no damage.
The hornet is lightly wounded.
You constrict the hornet, but do no damage.
The hornet completely misses you.
You tentacle-slap the hornet.
The hornet is moderately wounded.
You constrict the hornet. The hornet stings you!
You suddenly lose the ability to move!
You lose your grip on the hornet.
A bullfrog comes into view.
The hornet stings you!
You feel yourself slow down.
You feel yourself speed up. The hornet stings you!
You shrug off the repeated paralysis!
The hornet stings you!
* * * LOW HITPOINT WARNING * * *
You are poisoned.
You shrug off the repeated paralysis!
The hornet stings you!
* * * LOW HITPOINT WARNING * * *
You shrug off the repeated paralysis!
You can move again.
You take 54 damage, and have 7/61 hp.
MASSIVE DAMAGE!!
Unknown command.
Unknown command.
You feel better.
The bullfrog gives a loud, deep croak!
The hornet stings you!
You die...

#.. .. ....###..#...
#. ...........(
#.####..........
##.....F........
#.y<./........#
#.....##..........###
...## .............#
. .♣♣♣..yh.#
..≈≈≈.♣...#
♣.♣.♣.≈♣♣♣.# ......
♣# ....... #..≈♣.
...≈♣≈ ... ♣≈


You could see a hornet and a bullfrog.

Vanquished Creatures
  Maggie (D:6)
  Grinder (D:6)
  Sigmund (D:2)
  A wyvern (D:6)
  Menkaure (D:6)
  2 water moccasins (D:6)
  Pargi (Sewer)
  An ogre (D:6)
  A black bear (D:6)
  A phantom (D:6)
  3 elf zombies (Ossuary)
  2 gnoll sergeants (D:6)
  A scorpion (D:5)
  A bullfrog (D:6)
  A howler monkey (D:5)
  6 hounds
  4 jellies
  An orc priest (D:3)
  3 iguanas (D:6)
  3 orc wizards
  A hound zombie (Ossuary)
  4 mummies (Ossuary)
  6 gnolls
  9 adders
  A shadow imp (D:5)
  A white imp (D:5)
  4 ufetubi (D:5)
  An adder zombie (Ossuary)
  4 worms
  3 dart slugs
  15 orcs
  6 ball pythons
  6 endoplasms
  2 giant cockroaches (D:4)
  9 goblins
  7 hobgoblins
  4 jackals (D:1)
  2 kobolds
  3 quokkas
  4 bats
  6 frilled lizards
  A goblin zombie (Ossuary)
  A hobgoblin zombie (Ossuary)
  2 jackal zombies (Ossuary)
  2 orc zombies (Ossuary)
  5 rats
  A rat zombie (Ossuary)
146 creatures vanquished.

Notes
Turn   | Place    | Note
-------+----------+-------------------------------------------
     0 | D:1      | Dirtsage the Octopode Shapeshifter began the quest for the
                  | Orb.
     0 | D:1      | Reached XP level 1. HP: 13/13 MP: 1/1
   276 | D:1      | Reached XP level 2. HP: 13/18 MP: 2/2
  1106 | D:2      | Reached XP level 3. HP: 20/23 MP: 3/3
  1223 | D:2      | Noticed Sigmund
  1229 | D:2      | Killed Sigmund
  1230 | D:2      | Reached skill level 4 in Shapeshifting
  1230 | D:2      | Reached XP level 4. HP: 23/30 MP: 4/4
  1230 | D:2      | Reached XP level 5. HP: 27/35 MP: 5/5
  1921 | D:3      | Found a glowing drain.
  1939 | Sewer    | Entered a sewer
  1958 | Sewer    | Noticed Pargi
  1982 | Sewer    | Killed Pargi
  1983 | Sewer    | Reached skill level 5 in Shapeshifting
  1983 | Sewer    | Reached XP level 6. HP: 26/42 MP: 6/6
  2546 | D:3      | Found a hazy altar of Hepliaklqana.
  2801 | D:3      | Found Bauck's Weapon Shop.
  2896 | D:3      | Reached XP level 7. HP: 41/42 MP: 7/7
  3421 | D:4      | Found a radiant altar of Vehumet.
  3761 | D:5      | Entered Level 5 of the Dungeon
  4035 | D:5      | Reached skill level 1 in Ice Magic
  4259 | D:5      | Found a hide-covered altar of Uskayaw.
  4261 | D:5      | Found a blossoming altar of Fedhas.
  4350 | D:5      | Found a glowing golden altar of the Shining One.
  4438 | D:5      | Reached skill level 6 in Shapeshifting
  4709 | D:6      | Noticed Menkaure
  4714 | D:6      | Killed Menkaure
  4715 | D:6      | Reached skill level 5 in Unarmed Combat
  4715 | D:6      | Reached XP level 8. HP: 42/54 MP: 8/8
  4767 | D:6      | Noticed Grinder
  4773 | D:6      | Killed Grinder
  4786 | D:6      | Learned a level 3 spell: Frozen Ramparts
  4833 | D:6      | Found a sacrificial altar of Ru.
  4884 | D:6      | Noticed Maggie
  4905 | D:6      | Killed Maggie
  4906 | D:6      | Reached skill level 7 in Shapeshifting
  4946 | D:6      | Reached XP level 9. HP: 42/60 MP: 9/9
  4950 | D:6      | Found a sand-covered staircase.
  4955 | Ossuary  | Entered an ossuary
  4992 | Ossuary  | Reached skill level 5 in Fighting
  5818 | D:6      | Reached skill level 8 in Shapeshifting
  5878 | D:6      | Found Ryrph's Armour Emporium.
  6201 | D:7      | Noticed a hornet
  6227 | D:7      | Paralysed by a hornet for 2 turns
  6230 | D:7      | Slain by a hornet

Illustrated notes

Levels and vault maps discovered:
D:1:      roderic_crossed_star, layout_loops_ring, serial_rivers,
          chequers_serial_rivers_large_b, chequers_serial_rivers_small_b,
          chequers_serial_rivers_small_a, chequers_serial_rivers_micro_b,
          chequers_serial_rivers_large_a, minmay_misc_feat_tower
D:2:      layout_basic, uniq_sigmund
D:3:      layout_basic, mainiacjoe_overflow_alcove_1, gup_sewer_entry_glass,
          serial_shops, nicolae_shop_just_a_little_nook,
          minmay_goblin_kobold_house
D:4:      layout_basic, nicolae_vehumet_radiance,
          hangedman_abyss_or_decor_passed
D:5:      layout_basic, mainiacjoe_overflow_big_doors, general_overflow_altar,
          glass_columns_a
D:6:      layout_loops_ring, nicolae_ru_sacrificial_ziggurat, enter_ossuary_2,
          serial_shops, shop, st_stairs_3, kennysheep_flooded_box,
          kennysheep_generic_room_3, uniq_grinder, uniq_maggie, uniq_menkaure
D:7:      regret_index_malice_mire, layout_cave_pools,
          minmay_temple_entry_from_below_b, uniq_pikel, uniq_jeremiah

Skill      XL: |  1  2  3  4  5  6  7  8  9 |
---------------+----------------------------+-----
Fighting       | 2 3 4 5 |  5.6
Unarmed Combat | 4 5 6 |  6.3
Shapeshifting  | 4 5 6 7 8 |  8.0
Ice Magic      | 1 3 4 |  4.0
Dodging        | 3 4 |  4.8

Action                     |  1- 3 |  4- 6 |  7- 9 || total
---------------------------+-------+-------+-------++-------
  Melee: Unarmed           |    41 |    92 |   211 ||   344
         Constrict         |    10 |    24 |    51 ||    85
         Tentacles         |     6 |     9 |    65 ||    80
         Punch             |     1 |     3 |     8 ||    12
  Evoke: Wand              |       |       |     9 ||     9
    Use: Potion            |       |     1 |     2 ||     3
   Stab: Sleeping          |     3 |     7 |     7 ||    17
         Distracted        |       |       |     1 ||     1
 Armour: Skin              |    24 |    57 |    84 ||   165
  Dodge: Dodged            |    25 |    40 |   130 ||   195

Table legend: (Time is in decaauts)
 A = Elapsed time spent in this place.
 B = Non-inter-level travel time spent in this place.
 C = Inter-level travel time spent in this place.
 D = Time resting spent in this place.
 E = Time spent auto-exploring this place.
 F = Levels seen in this place.
 G = Mean time per level.
                   A        B        C        D        E       F      G
               +--------+--------+--------+--------+--------+-----+--------+
         Total |   6193 |   6028 |    165 |     32 |   4863 |   9 |  688.1 |
       Dungeon |   5572 |   5407 |    165 |      0 |   4440 |   7 |  796.0 |
         Sewer |    274 |    274 |      0 |     32 |    169 |   1 |  274.0 |
       Ossuary |    347 |    347 |      0 |      0 |    254 |   1 |  347.0 |
               +--------+--------+--------+--------+--------+-----+--------+

Top non-repeatable levels by time:
     D:6: 1154 daAuts
     D:3: 1084 daAuts
     D:1: 1020 daAuts
     D:5: 928 daAuts
     D:2: 800 daAuts
     D:4: 567 daAuts
 Ossuary: 347 daAuts
   Sewer: 274 daAuts
     D:7: 15 daAuts
